AoeStats
← Blazing Cartesia, The Virtuous

Arabia

508471947Analyzed
1v1 RM · 9d ago on Sep 22, 2026· 43m 0s· 2 players
Game mode
Random Map
Map size
Tiny (2 player)
Population
200
Speed
Normal
Resources
Standard
Victory
Conquest
Starting age
Dark Age
Ending age
Imperial Age
RankedLock teamsTeams togetherTeam positionsShared explorationLock speedFull tech treeHidden civsTurbo modeCheats
Victory
Defeat
1178
+15
🇦🇷 Huns · Argentina
1165
-15
matute
5:58 Loom
8:45 Feudal Age
9:19 Double-Bit Axe
9:16 Horse Collar
19:38 Castle Age
18:51 Fletching
19:18 Gold Mining
19:48 Padded Archer Armor
20:40 Bow Saw
20:34 Husbandry
22:28 Heavy Plow
24:02 Bodkin Arrow
25:46 Town Watch
27:25 Thumb Ring
28:49 Stone Mining
36:02 Ballistics
35:24 Elite Skirmisher
39:19 Imperial Age
38:52 Bloodlines
39:32 Heavy Cavalry Archer
39:47 Heavy Cavalry Archer
42:14 Wheelbarrow
42:24 Bracer
Blazing Cartesia, The Virtuous
5:51 Loom
9:09 Feudal Age
9:52 Double-Bit Axe
10:26 Horse Collar
15:59 Wheelbarrow
19:46 Castle Age
17:39 Gold Mining
19:29 Bloodlines
20:06 Forging
20:22 Bow Saw
20:12 Heavy Plow
21:13 Husbandry
22:15 Scale Barding Armor
25:05 Chain Barding Armor
32:18 Gold Shaft Mining
31:35 Stone Mining
33:12 Fletching
36:18 Imperial Age
34:42 Kamandaran
34:51 Bodkin Arrow
36:02 Thumb Ring
37:02 Crossbowman
38:05 Ballistics
38:45 Chemistry
38:35 Padded Archer Armor
38:03 Cavalier
41:08 Savar
42:28 Plate Barding Armor
Connection lost

Rejoining the realm…

Still unreachable

The connection could not be restored.

Session expired

The server has moved on; the page needs a fresh start.